 Dungeon Crawl Stone Soup version 0.29-a0-380-gf50f0a9fbc (webtiles) character file.

Game seed: 11577479337692673021

29 Antichthon the Skirmisher (level 3, -4/29 HPs)
             Began as a Formicid Abyssal Knight on May 5, 2022.
             Was a Believer of Lugonu.
             Slain by a gnoll
             ... wielding a +0 whip
              (5 damage)
             ... on level 1 of the Dungeon.
             The game lasted 00:01:34 (1430 turns).

Antichthon the Skirmisher (Formicid Abyssal Knight) Turns: 1430, Time: 00:01:35

Health: -4/29      AC:  6    Str: 17    XL:     3   Next: 32%
Magic:  4/4        EV:  9    Int:  9    God:    Lugonu [**....]
Gold:   57         SH:  0    Dex: 13    Spells: 2/2 levels left

rFire   . . .      SeeInvis +   a - +1 mace
rCold   . . .      Faith    .   (no shield)
rNeg    . . .      Spirit   .   c - +0 scale mail
rPois   .          Reflect  .   (helmet unavailable)
rElec   .          Harm     .   (no cloak)
rCorr   .          Rampage  .   (no gloves)
Will    .....                   (no boots)
Stlth   ..........              (no amulet)
HPRegen 0.09/turn               (no ring)
MPRegen 0.09/turn               (no ring)

@: no status effects
A: permanent stasis, dig shafts and tunnels, antennae 3, four strong arms
a: Dig, Shaft Self, Renounce Religion, Depart the Abyss, Bend Space


You were on level 1 of the Dungeon.
You worshipped Lugonu.
Lugonu was pleased with you.
You visited 1 branch of the dungeon, and saw 2 of its levels.
You visited the Abyss 1 time.

You collected 57 gold pieces.

Inventory:

Hand Weapons
 a - a +1 mace (weapon)
Armour
 c - a +0 scale mail (worn)
Scrolls
 b - a scroll of amnesia {unknown}
 d - a scroll of summoning {unknown}
 i - a scroll of brand weapon {unknown}
Potions
 e - a potion of magic {unknown}
 f - a potion of curing
 g - a potion of heal wounds {unknown}
 h - a potion of resistance {unknown}


   Skills:
 - Level 3.2 Fighting
 - Level 2.0 Maces & Flails
 * Level 2.7 Crossbows
 - Level 2.1 Armour
 - Level 0.8 Dodging
 - Level 2.1 Invocations


You had 2 spell levels left.
You didn't know any spells.
Your spell library contained the following spells:

 Spells                   Type           Power      Damage    Failure   Level
 Manifold Assault         Tloc           0%         N/A       100%        5
 Storm Form               Tmut/Air       0%         N/A       100%        7
 Blink                    Tloc           Unusable   N/A       N/A         2

Dungeon Overview and Level Annotations

Branches:
Dungeon (2/15)

Altars:


Innate Abilities, Weirdness & Mutations

You cannot be hasted, slowed, berserked, paralysed or teleported.
You can dig through walls and to a lower floor.
You have a pair of large antennae on your head. (SInv)
Your four strong arms can wield two-handed weapons with a shield.


Message History

The gnoll hits you with a +0 flail.
The gnoll shouts!
The gnoll closely misses you. The hobgoblin closely misses you.
The hobgoblin attacks as you move away! The hobgoblin closely misses you.
The hobgoblin attacks as you move away! The hobgoblin closely misses you.
There is a stone staircase leading up here.
The hobgoblin hits you but does no damage.
You climb upwards.
There is a stone staircase leading down here.
You closely miss the hobgoblin.
The hobgoblin is moderately wounded.
The hobgoblin hits you but does no damage.
You sock the hobgoblin!
You kill the hobgoblin!
Lugonu accepts your kill.
You see here a hobgoblin corpse.
You start resting.
HP restored.
You see here a hobgoblin corpse.
There is a stone staircase leading down here.
You climb downwards.
The gnoll hits you with a +0 flail. x2
The frilled lizard bites you but does no damage.
The gnoll completely misses you. The gnoll hits you but does no damage.
There is a stone staircase leading up here.
Unknown command.
The gnoll barely misses you. x2; The gnoll hits you with a +0 whip.
The frilled lizard bites you but does no damage.
The gnoll completely misses you.
You climb upwards.
There is a stone staircase leading down here.
Unknown command.
You barely miss the gnoll. The gnoll hits you with a +0 flail!
* * * LOW HITPOINT WARNING * * *
The gnoll misses you.
Unknown command.
Okay, then.
It was a potion of curing.
You feel better. The gnoll hits you with a +0 flail!
* * * LOW HITPOINT WARNING * * *
The gnoll hits you with a +0 whip.
You die...

#.# #######.##⌠.⌠# #.####..
#.# #........##[## #.......
#.# #.####...#⌠_⌠# ######..
#.# #.###.#.###.#### ##. #.#
#.##.##.##⌠.⌠#.# #. #.#
#.##.##.###.##.# #. #>#
#.##g##.....##.# ##. #.#
#.###g###g.###.# #.. #.# #.#
##@gl#.....# ##.
#.####.##########..## ####.
#..................#####....
########......).............
##########.######.### #.#
#.### #.# #.#.. #.# #.#..
#.######.#..


You could see 4 gnolls and a frilled lizard.

Vanquished Creatures
  A dart slug (D:1)
  5 ball pythons
  2 endoplasms (D:1)
  3 goblins (D:1)
  2 hobgoblins
  A quokka (D:1)
  2 bats (D:1)
  5 frilled lizards (D:1)
  3 kobolds
  4 rats (D:1)
28 creatures vanquished.

Notes
Turn   | Place    | Note
-------+----------+-------------------------------------------
     0 | Abyss:1  | Antichthon the Formicid Abyssal Knight began the quest for
                  | the Orb.
     0 | Abyss:1  | Reached XP level 1. HP: 18/18 MP: 2/2
    82 | Abyss:1  | Noticed a smoke demon
    83 | D:1      | Escaped the Abyss
   192 | D:1      | Reached skill level 1 in Crossbows
   388 | D:1      | Reached XP level 2. HP: 19/24 MP: 3/3
   666 | D:1      | Reached XP level 3. HP: 29/29 MP: 4/4
   929 | D:1      | Found a faded altar of an unknown god.
  1430 | D:1      | HP: 1/29 [gnoll/+0 flail (8)]
  1430 | D:1      | Slain by a gnoll

Illustrated notes

Levels and vault maps discovered:
D:1:      lemuel_arrival_lava_pool, layout_loops_ring,
          ebering_ecumenical_altar_hall, minmay_pentomino_p4
D:2:      layout_rooms, chequers_serial_rivers_room_a

Skill      XL: |  1  2 |
---------------+-------+-----
Crossbows      | 1 2 |  2.7
Fighting       | |  3.2
Maces & Flails | |  2.0
Armour         | |  2.1
Dodging        | |  0.8
Invocations    | |  2.1

Action                   || total
-------------------------++-------
Melee: Mace              ||    64
Invok: Depart the Abyss  ||     1
  Use: Potion            ||     1
Armor: Scale mail        ||    33
Dodge: Dodged            ||    53

Table legend: (Time is in decaauts)
 A = Elapsed time spent in this place.
 B = Non-inter-level travel time spent in this place.
 C = Inter-level travel time spent in this place.
 D = Time resting spent in this place.
 E = Time spent auto-exploring this place.
 F = Levels seen in this place.
 G = Mean time per level.
                   A        B        C        D        E       F      G
               +--------+--------+--------+--------+--------+-----+--------+
         Total |   1450 |   1389 |     61 |    154 |    937 |   3 |  483.3 |
       Dungeon |   1367 |   1306 |     61 |    154 |    857 |   2 |  683.5 |
         Abyss |     83 |     83 |      0 |      0 |     80 |   1 |   83.0 |
               +--------+--------+--------+--------+--------+-----+--------+

Top non-repeatable levels by time:
     D:1: 1296 daAuts
 Abyss:1: 83 daAuts
     D:2: 70 daAuts
